 Dungeon Crawl Stone Soup version 0.28-a0-1510-gd0f6b136d3 (webtiles) character file.

Game seed: 5737550705310208802

1295 ryw the Chiller (level 8, -2/62 HPs)
             Began as a Demigod Ice Elementalist on Jan 15, 2022.
             Slain by a vampire (7 damage)
             ... on level 5 of the Dungeon.
             The game lasted 00:27:59 (9181 turns).

ryw the Chiller (Demigod Ice Elementalist)          Turns: 9181, Time: 00:28:00

Health: -2/62      AC:  3    Str:  9    XL:     8   Next: 9%
Magic:  14/17      EV: 13    Int: 25    God:
Gold:   137        SH:  0    Dex: 14    Spells: 6/15 levels left

rFire   . . .      SeeInvis .   s - staff of cold
rCold   + . .      Faith    .   (no shield)
rNeg    . . .      Spirit   .   o - +1 robe
rPois   .          Reflect  .   (no helmet)
rElec   .          Harm     .   (no cloak)
rCorr   .          Rampage  .   (no gloves)
Will    .....                   (no boots)
Stlth   +.........              (no amulet)
HPRegen 0.20/turn               (no ring)
MPRegen 0.15/turn               (no ring)

@: confused, attractive
A: high mp 1, forlorn, divine attributes
a: no special abilities


You were on level 5 of the Dungeon.
You visited 1 branch of the dungeon, and saw 6 of its levels.

You collected 137 gold pieces.

Inventory:

Hand Weapons
 a - a +0 dagger
 b - a +0 morningstar
 p - a +0 long sword
 t - a +2 whip of freezing
Missiles
 c - 2 poisoned darts
Armour
 n - a +0 buckler
 o - a +1 robe (worn)
Magical Staves
 s - a staff of cold (weapon)
Scrolls
 e - 2 scrolls of teleportation
 f - a scroll of fear
 g - a scroll of fog
 i - 2 scrolls of vulnerability {unknown}
 j - 2 scrolls of magic mapping {unknown}
 k - a scroll of acquirement {unknown}
Potions
 h - 2 potions of haste
 m - a potion of resistance
 q - 2 potions of flight
 r - a potion of curing {unknown}


   Skills:
 + Level 2.7 Fighting
 + Level 3.5 Dodging
 - Level 1.8 Stealth
 + Level 4.2 Spellcasting
 + Level 2.6 Summonings
 * Level 7.2 Ice Magic


You had 6 spell levels left.
You knew the following spells:

 Your Spells              Type           Power      Damage    Failure   Level
a - Freeze                Ice            100%       1d11      1%          1
b - Frozen Ramparts       Ice            100%       1d12      1%          3
c - Ozocubu's Armour      Ice            58%        N/A       1%          3
d - Call Imp              Summ           18%        N/A       4%          2

Your spell library contained the following spells:

 Spells                   Type           Power      Damage    Failure   Level
 Magic Dart               Conj           20%        1d4       9%          1
 Corpse Rot               Necr/Air       10%        N/A       14%         2
 Poisonous Vapours        Pois/Air       10%        N/A       14%         2
 Hailstorm                Conj/Ice       35%        3d9       21%         4
 Mephitic Cloud           Conj/Pois/Air  5%         N/A       26%         3


Dungeon Overview and Level Annotations

Branches:
Dungeon (6/15)
 Temple: D:4-7

Shops:
D:6 *

Annotations:
D:5 Grinder


Innate Abilities, Weirdness & Mutations

You have an increased reservoir of magic. (+10% MP)
You shall have no god before yourself.
Your divine heritage dramatically boosts your attributes as you level up.


Message History

The wall freezes something but does no damage.
Something hits you! Something bites you!
Something draws strength from your injuries!
Unknown command.
Okay, then.
Okay, then.
Unknown command.
The frozen ramparts melt away as you move.
Your white imp hits something but does no damage.
You hear some strange, mumbled words.
You are confused.
Your white imp closely misses something.
You hear some strange, mumbled words.
You are more confused.
Your white imp hits something but does no damage.
You're too confused to move!
Something hits you. Something bites you!
Something draws strength from your injuries!
Your white imp barely misses something.
You completely miss something. Something hits you! Something bites you.
Something draws strength from your injuries!
Your white imp closely misses something.
Something hits you!
* * * LOW HITPOINT WARNING * * *
Something bites you but does no damage.
Your white imp hits something but does no damage.
Something hits you!
* * * LOW HITPOINT WARNING * * *
Something barely misses you.
Unknown command.
You feel much better. Something hits you!
* * * LOW HITPOINT WARNING * * *
Something barely misses you.
Unknown command.
It was a potion of attraction.
You feel attractive to monsters. Something hits you!
* * * LOW HITPOINT WARNING * * *
Something bites you!
You die...

.>..........##.......#
..#.#..####.####...######
#.#.#..####.# #...# #..
#.#.....^##.# #...# #.####
#.#.#..#.##.# #.<.# #.#.. .#
#.#.......#.# #...# #.#.# #...
#...........####...####.#.##....#
###.####.........{..........?#
....####........@5........##.....
######....................## ...
# #.#.#.#####...######..# ## # #
#...#.# #...# ##.##.### #..##.#
#...# #.#..... # #.....# #...#
#...##.# # ##.########...###
###.#.!. #######.# #..........#
#...## ........# #.###....#.#
##.#.#.


You could see a friendly white imp (summoned).

Vanquished Creatures
  Pikel (D:5)
  Prince Ribbit (D:5)
  A sky beast (D:5)
  2 black bears
  An ogre (D:5)
  2 lemures
  A scorpion (D:4)
  A hound (D:5)
  An iguana (D:5)
  7 adders
  An adder skeleton (D:4)
  3 worms (D:1)
  A dart slug (D:2)
  3 orcs
  5 ball pythons
  4 endoplasms
  2 giant cockroaches
  6 goblins
  7 hobgoblins
  8 jackals
  2 quokkas
  A bat (D:1)
  4 frilled lizards
  3 kobolds
  6 rats
74 creatures vanquished.

Vanquished Creatures (collateral kills)
  A bullfrog skeleton (D:5)
1 creature vanquished.

Grand Total: 75 creatures vanquished

Notes
Turn   | Place    | Note
-------+----------+-------------------------------------------
     0 | D:1      | ryw the Demigod Ice Elementalist began the quest for the
                  | Orb.
     0 | D:1      | Reached XP level 1. HP: 14/14 MP: 5/5
  1397 | D:1      | Reached XP level 2. HP: 20/20 MP: 5/7
  1523 | D:1      | Reached skill level 4 in Ice Magic
  3141 | D:2      | Reached XP level 3. HP: 23/26 MP: 5/9
  3179 | D:2      | Learned a level 3 spell: Frozen Ramparts
  4459 | D:3      | Reached XP level 4. HP: 33/33 MP: 6/10
  4494 | D:3      | Learned a level 3 spell: Ozocubu's Armour
  4636 | D:4      | Noticed a necrophage
  5153 | D:4      | Reached skill level 5 in Ice Magic
  5153 | D:4      | Reached XP level 5. HP: 19/38 MP: 3/12
  5790 | D:4      | Noticed a black bear
  5802 | D:4      | Killed a black bear
  6251 | D:5      | Entered Level 5 of the Dungeon
  6271 | D:5      | Noticed Pikel
  6376 | D:5      | Learned a level 2 spell: Call Imp
  6853 | D:5      | Noticed Grinder
  6928 | D:5      | Paralysed by Grinder for 2 turns
  6934 | D:5      | Paralysed by Grinder for 2 turns
  7040 | D:5      | Paralysed by Grinder for 3 turns
  7420 | D:5      | Paralysed by Grinder for 2 turns
  7825 | D:5      | Noticed a vampire
  7847 | D:5      | Identified the +0 robe of Chimes {Regen+ rCorr MP-9 Slay-6}
  7909 | D:5      | Noticed Prince Ribbit
  7932 | D:5      | Killed Prince Ribbit
  7933 | D:5      | Reached skill level 1 in Fighting
  7933 | D:5      | Reached skill level 1 in Summonings
  7933 | D:5      | Reached skill level 6 in Ice Magic
  7933 | D:5      | Reached XP level 6. HP: 25/47 MP: 2/14
  8290 | D:6      | Found Muthriag's Assorted Antiques.
  8346 | D:5      | Reached XP level 7. HP: 33/52 MP: 7/15
  9011 | D:5      | Killed Pikel
  9012 | D:5      | Reached skill level 7 in Ice Magic
  9012 | D:5      | Reached XP level 8. HP: 51/62 MP: 7/17
  9181 | D:5      | Slain by a vampire

Illustrated notes

Levels and vault maps discovered:
D:1:      dpeg_arrival_stone_temple_mockup, layout_basic,
          shapermc_ecumenical_altar_mp_highgroup
D:2:      layout_basic
D:3:      layout_basic
D:4:      layout_basic, roderic_lattice_a, nicolae_elevator_lobby_plus
D:5:      layout_loops_cross, nicolae_concentric_dashed_squares_mild,
          uniq_grinder, uniq_prince_ribbit1, uniq_pikel
D:6:      layout_basic, temple_green, serial_shops, nicolae_square_shop,
          serial_park_tiny_2, water_boxes_lemuel

Skill      XL: |  1  2  3  4  5  6  7 |
---------------+----------------------+-----
Spellcasting   | 2 3 4 |  4.2
Ice Magic      | 4 5 6 7 |  7.2
Fighting       | 1 2 |  2.7
Dodging        | 2 3 |  3.5
Summonings     | 1 2 |  2.6
Stealth        | |  1.8

Action                   |  1- 3 |  4- 6 |  7- 9 || total
-------------------------+-------+-------+-------++-------
Melee: Unarmed           |     3 |       |       ||     3
       Club              |    10 |     7 |       ||    17
       Morningstar       |       |     7 |     6 ||    13
       Dagger            |       |     2 |       ||     2
       Staff             |       |       |     1 ||     1
 Cast: Freeze            |    81 |    41 |    14 ||   136
       Frozen Ramparts   |     1 |    12 |     4 ||    17
       Call Imp          |       |     5 |     3 ||     8
       Ozocubu's Armour  |       |     1 |     1 ||     2
  Use: Scroll            |       |    11 |       ||    11
       Potion            |       |     2 |     2 ||     4
 Stab: Sleeping          |     1 |       |       ||     1
Armor: Robe              |     5 |    16 |     3 ||    24
Dodge: Dodged            |    44 |    47 |    10 ||   101

Table legend: (Time is in decaauts)
 A = Elapsed time spent in this place.
 B = Non-inter-level travel time spent in this place.
 C = Inter-level travel time spent in this place.
 D = Time resting spent in this place.
 E = Time spent auto-exploring this place.
 F = Levels seen in this place.
 G = Mean time per level.
                   A        B        C        D        E       F      G
               +--------+--------+--------+--------+--------+-----+--------+
         Total |   9211 |   8734 |    477 |   4406 |   2401 |   6 | 1535.2 |
       Dungeon |   9211 |   8734 |    477 |   4406 |   2401 |   6 | 1535.2 |
               +--------+--------+--------+--------+--------+-----+--------+

Top non-repeatable levels by time:
     D:1: 2775 daAuts
     D:4: 2648 daAuts
     D:5: 1812 daAuts
     D:3: 1286 daAuts
     D:2: 677 daAuts
     D:6: 9 daAuts
